 Dungeon Crawl Stone Soup version 0.30-a0-930-gb9d0489357 (webtiles) character file.

Game seed: 16451453019805141699

44 sanka the Firebug (level 3, -11/29 HPs)
             Began as a Demonspawn Cinder Acolyte on Mar 23, 2023.
             Was a High Priest of Ignis.
             Mangled by a gnoll
             ... wielding a +4 halberd
              (14 damage)
             ... on level 2 of the Dungeon.
             The game lasted 00:01:38 (1009 turns).

sanka the Firebug (Demonspawn Cinder Acolyte)       Turns: 1009, Time: 00:01:38

Health: -11/29     AC:  2    Str: 14    XL:     3   Next: 41%
Magic:  6/6        EV:  6    Int: 15    God:    Ignis [*****.]
Gold:   71         SH:  0    Dex: 16    Spells: 4/6 levels left

rFire   + . .      SeeInvis .    a - -1 short sword (flame)
rCold   . . .      Faith    .    (no shield)
rNeg    . . .      Spirit   .    b - +0 robe
rPois   .          Reflect  .    (no helmet)
rElec   .          Rampage  .    (no cloak)
rCorr   .                        (no gloves)
Will    .....                    (no boots)
Stlth   +                        (no amulet)
HPRegen 0.24/turn                (no ring)
MPRegen 0.10/turn                h - +6 ring of dexterity

@: held
A: large bone plates 1, powered by pain 1
a: Renounce Religion, Fiery Armour, Foxfire Swarm, Rising Flame


You were on level 2 of the Dungeon.
You worshipped Ignis.
Ignis was extremely pleased with you.
You visited 1 branch of the dungeon, and saw 2 of its levels.

You collected 71 gold pieces.


Innate Abilities, Weirdness & Mutations

You are partially covered in large bone plates. (SH +4)
You sometimes gain a little power by taking damage.


   Skills:
 - Level 3.0 Fighting
 - Level 2.6 Short Blades
 + Level 2.2 Spellcasting
 + Level 3.4 Fire Magic


You had 4 spell levels left.
You knew the following spells:

 Your Spells              Type           Power      Damage    Failure   Level
y - Scorch                Fire           24%        2d6       8%          2

Your spell library contained the following spells:

 Spells                   Type           Power      Damage    Failure   Level
 Slow                     Hex            4%         N/A       22%         1
 Confusing Touch          Hex            1%         N/A       54%         3
 Vampiric Draining        Necr           1%         2d6       54%         3

Inventory:

Hand Weapons
 a - a -1 short sword of flaming (weapon)
Armour
 b - a +0 robe (worn)
Jewellery
 h - a +6 ring of dexterity (right hand)
Scrolls
 c - 2 scrolls of identify {unknown}
 e - 2 scrolls of teleportation {unknown}
 f - a scroll of enchant weapon {unknown}
Potions
 d - 3 potions of degeneration {unknown}
 g - a potion of curing {unknown}

Dungeon Overview and Level Annotations

Branches:
Dungeon (2/15)

Altars:

▒..▒ .▒ ▒
..▒▒..▒▒.▒.▒.▒
▒.▒.▒▒..▒▒.▒.▒.▒
▒.....<........▒
▒▒▒.▒▒▒.▒...▒.▒
▒▒▒▒▒.▒▒▒<......▒
▒▒..............(▒▒
▒▒...▒..▒▒..g......▒
........g...▒.6.▒...
▒▒.).▒.▒▒▒▒.g......▒
▒▒ ▒. ▒▒▒▒.▒▒.▒▒ ▒g
▒.▒ ▒▒ ▒g ▒.▒ ▒. ▒.▒
▒. ▒.▒ ▒g ▒.▒


You could see 2 gnolls.


Message History

The gnoll is heavily wounded.
The gnoll's fire resistance burns away.
Flames lash the gnoll.
The gnoll is burned terribly!
You kill the gnoll!
The gnoll misses you.
Flames lash the gnoll.
The gnoll is severely wounded.
The gnoll's fire resistance burns away.
The gnoll throws a throwing net.
The throwing net closely misses you. You block the gnoll's attack.
The gnoll throws a throwing net.
The throwing net hits you.
You become entangled in the net!
You stop ascending the stairs.
The gnoll hits you from afar with a +4 halberd!
Ouch! That really hurt!
* * * LOW HITPOINT WARNING * * *
You focus on the pain.
Unknown command.
You struggle against the net.
The gnoll hits you from afar with a +0 spear.
* * * LOW HITPOINT WARNING * * *
The gnoll hits you from afar with a +4 halberd.
* * * LOW HITPOINT WARNING * * *
You struggle against the net.
The gnoll barely misses you.
The gnoll hits you from afar with a +4 halberd!
You die...

Action                     || total
---------------------------++-------
  Melee: Short sword       ||    70
         Punch             ||     1
   Cast: Scorch            ||     9
 Armour: Robe              ||    16
  Dodge: Dodged            ||    33
  Block: Other             ||     1

Levels and vault maps discovered:
D:1:      onia_arrival_zoo_common, layout_basic
D:2:      layout_loops_corners

Notes
Turn   | Place    | Note
-------+----------+-------------------------------------------
     0 | D:1      | sanka the Demonspawn Cinder Acolyte began the quest for the
                  | Orb.
     0 | D:1      | Reached XP level 1. HP: 18/18 MP: 2/2
     6 | D:1      | Noticed a black bear
     6 | D:1      | Noticed a komodo dragon
     7 | D:1      | Noticed a swamp worm
     7 | D:1      | Noticed a salamander
   136 | D:1      | Reached skill level 3 in Fire Magic
   160 | D:1      | Gained mutation: You sometimes gain a little power by
                  | taking damage. [demonic ancestry]
   160 | D:1      | Reached XP level 2. HP: 23/24 MP: 2/4
   287 | D:1      | Learned a level 2 spell: Scorch
   671 | D:1      | Reached skill level 2 in Spellcasting
   965 | D:1      | Gained mutation: You are partially covered in large bone
                  | plates. (SH +4) [demonic ancestry]
   965 | D:1      | Reached XP level 3. HP: 20/29 MP: 2/6
  1008 | D:2      | HP: 2/29 [gnoll/+4 halberd (6)]
  1009 | D:2      | Mangled by a gnoll

Vanquished Creatures
  2 gnolls
  A dart slug (D:1)
  An endoplasm (D:1)
  A giant cockroach (D:1)
  5 goblins (D:1)
  3 hobgoblins (D:1)
  A quokka (D:1)
  5 ball pythons (D:1)
  A frilled lizard (D:1)
  2 rats (D:1)
22 creatures vanquished.
